| TOP OF THE 1ST |
|
Rice University Owls batting - Pitching for Vanderbilt University Commodores : RHP Gabriel Marsh
|
|
Pitching: RHP Gabriel Marsh
|
|
|
Batting: RHB Caleb Mercer
|
0-0: Ball 1-0: Fly out, F8 (Flyball, 8LD, EV 98.1 MPH)
|
|
Batting: RHB Javier Quinones
|
0-0: Ball 1-0: Foul Ball, location: 2F 1-1: Fly out, F9 (Flyball, 9S, EV 85.0 MPH)
|
|
Batting: RHB Jose Soto
|
0-0: Ground out 6-3 (Groundball, 6, EV 108.1 MPH)
|
| Top of the 1st over - 0 runs, 0 hits, 0 errors, 0 left on base; Rice University 0 - Vanderbilt University 0 |
| BOTTOM OF THE 1ST |
|
Vanderbilt University Commodores batting - Pitching for Rice University Owls : RHP Daniel Bushby
|
|
Pitching: RHP Daniel Bushby
|
|
|
Batting: RHB Brian Pflughoeft
|
0-0: Called Strike 0-1: Ball 1-1: Called Strike 1-2: Ball 2-2: Ball 3-2: Foul Ball, location: 2F 3-2: Ground out 6-3 (Groundball, 6, EV 100.0 MPH)
|
|
Batting: RHB Jose Ramos
|
0-0: Ground out 6-3 (Groundball, 56, EV 90.0 MPH)
|
|
Batting: RHB Edgar Fernandez
|
0-0: Ball 1-0: Ball 2-0: Called Strike 2-1: SINGLE (Groundball, 56D, EV 109.4 MPH)
|
|
Batting: RHB Takashi Takeuchi
|
0-0: Called Strike 0-1: Called Strike 0-2: Strikes out swinging
|
| Bottom of the 1st over - 0 runs, 1 hit, 0 errors, 1 left on base; Rice University 0 - Vanderbilt University 0 |
| TOP OF THE 2ND |
|
Rice University Owls batting - Pitching for Vanderbilt University Commodores : RHP Gabriel Marsh
|
|
Batting: SHB Ken Wilson
|
0-0: Foul Ball, location: 2F 0-1: Foul Ball, location: 2F 0-2: Ball 1-2: Strikes out swinging
|
|
Batting: RHB Neil Worth
|
0-0: Ball 1-0: Called Strike 1-1: Foul Ball, location: 2F 1-2: Ball 2-2: Ball 3-2: Base on Balls
|
|
Batting: LHB Chris Gonzales
|
0-0: Called Strike 0-1: SINGLE (Line Drive, 9LM, EV 111.2 MPH) Neil Worth to second
|
|
Batting: RHB Allen Jarvis
|
0-0: Foul Ball, location: 2F 0-1: Ball 1-1: Ball 2-1: Foul Ball, location: 2F 2-2: Strikes out swinging
|
|
Batting: LHB Aldred Lieshout
|
0-0: Ball 1-0: Foul Ball, location: 2F 1-1: Ball 2-1: Called Strike 2-2: Ball 3-2: Base on Balls Neil Worth to third Chris Gonzales to second
|
|
Batting: RHB Emanuel Pulido
|
0-0: Ball 1-0: Ball 2-0: Foul Ball, location: 2F 2-1: Ball 3-1: Called Strike 3-2: Strikes out looking
|
| Top of the 2nd over - 0 runs, 1 hit, 0 errors, 3 left on base; Rice University 0 - Vanderbilt University 0 |
| BOTTOM OF THE 2ND |
|
Vanderbilt University Commodores batting - Pitching for Rice University Owls : RHP Daniel Bushby
|
|
Batting: LHB Tokito Ishizaki
|
0-0: Ball 1-0: Ball 2-0: Fly out, F8 (Flyball, 8LM, EV 93.1 MPH)
|
|
Batting: SHB D.J. Davis
|
0-0: Foul Ball, location: 2F 0-1: Ball 1-1: Swinging Strike 1-2: Ball 2-2: Foul Ball, location: 2F 2-2: Ball 3-2: Base on Balls
|
|
Batting: RHB Min Tann
|
0-0: Ball 1-0: Ball 2-0: Foul Ball, location: 2F 2-1: Fly out, F9 (Flyball, 9LM, EV 91.2 MPH)
|
|
Batting: RHB Ruben Reyna
|
0-0: Ball 1-0: Ball 2-0: Swinging Strike 2-1: Fly out, F8 (Line Drive, 8LD, EV 103.1 MPH)
|
| Bottom of the 2nd over - 0 runs, 0 hits, 0 errors, 1 left on base; Rice University 0 - Vanderbilt University 0 |
| TOP OF THE 3RD |
|
Rice University Owls batting - Pitching for Vanderbilt University Commodores : RHP Gabriel Marsh
|
|
Batting: RHB Caleb Mercer
|
0-0: Foul Ball, location: 2F 0-1: Foul Ball, location: 2F 0-2: SINGLE (Line Drive, 9LS, EV 101.2 MPH)
|
|
Batting: RHB Javier Quinones
|
0-0: Swinging Strike 0-1: Ball 1-1: Called Strike 1-2: Foul Ball, location: 2F 1-2: Foul Ball, location: 2F 1-2: Ball 2-2: Fly out, F8 (Flyball, 8LXD, EV 86.2 MPH)
|
|
Batting: RHB Jose Soto
|
0-0: Fly out, F8 (Flyball, 8RXD, EV 90.0 MPH) Runner from 1st tags up, SAFE at 2nd
|
|
Batting: SHB Ken Wilson
|
0-0: SINGLE (Groundball, 4MD, EV 100.6 MPH) Caleb Mercer to third Runner from 3rd tries for Home, SAFE, throw by CF to home
|
|
Batting: RHB Neil Worth
|
0-0: Ball 1-0: Swinging Strike 1-1: Ground out 6-3 (Groundball, 6S, EV 90.0 MPH)
|
| Top of the 3rd over - 1 run, 2 hits, 0 errors, 1 left on base; Rice University 1 - Vanderbilt University 0 |
| BOTTOM OF THE 3RD |
|
Vanderbilt University Commodores batting - Pitching for Rice University Owls : RHP Daniel Bushby
|
|
Batting: RHB Sam Kerwin
|
0-0: Ball 1-0: Foul Ball, location: 2F 1-1: Ball 2-1: Fly out, F5 (Popup, 5SF, EV 87.5 MPH)
|
|
Batting: RHB Brian Pflughoeft
|
0-0: SINGLE (Groundball, 56D, EV 103.1 MPH)
|
|
Pitching: RHP Bill Lightheart
|
|
|
Batting: RHB Jose Ramos
|
0-0: Ball 1-0: 2-RUN HOME RUN (Line Drive, 7D, EV 97.5 MPH), Distance : 404 ft
|
|
Batting: RHB Edgar Fernandez
|
0-0: Ball 1-0: Foul Ball, location: 2F 1-1: Fly out, F8 (Line Drive, 8RM, EV 110.6 MPH)
|
|
Batting: RHB Takashi Takeuchi
|
0-0: Ball 1-0: Called Strike 1-1: Ball 2-1: Foul Ball, location: 2F 2-2: Strikes out looking
|
| Bottom of the 3rd over - 2 runs, 2 hits, 0 errors, 0 left on base; Rice University 1 - Vanderbilt University 2 |
| TOP OF THE 4TH |
|
Rice University Owls batting - Pitching for Vanderbilt University Commodores : RHP Gabriel Marsh
|
|
Batting: LHB Chris Gonzales
|
0-0: Foul Ball, location: 2F 0-1: Ball 1-1: Swinging Strike 1-2: Foul Ball, location: 2F 1-2: Ball 2-2: SINGLE (Groundball, 34D, EV 96.2 MPH)
|
|
Batting: RHB Allen Jarvis
|
0-0: Ball Chris Gonzales steals 2nd, throwing error, E2 Chris Gonzales to third 1-0: Ball 2-0: Swinging Strike 2-1: SINGLE (Groundball, 56, EV 90.0 MPH) (infield hit) Chris Gonzales scores
|
|
Batting: LHB Aldred Lieshout
|
0-0: Called Strike 0-1: Grounds into double play, 4-6-3 (Groundball, 4, EV 110.0 MPH)
|
|
Batting: RHB Emanuel Pulido
|
0-0: Foul Ball, location: 2F 0-1: Swinging Strike 0-2: Foul Ball, location: 2F 0-2: Foul Ball, location: 2F 0-2: Strikes out swinging
|
| Top of the 4th over - 1 run, 2 hits, 1 error, 0 left on base; Rice University 2 - Vanderbilt University 2 |
| BOTTOM OF THE 4TH |
|
Vanderbilt University Commodores batting - Pitching for Rice University Owls : RHP Bill Lightheart
|
|
Batting: LHB Tokito Ishizaki
|
0-0: Called Strike 0-1: Fly out, F5 (Popup, 5SF, EV 75.0 MPH)
|
|
Batting: SHB D.J. Davis
|
0-0: Ball 1-0: Called Strike 1-1: Ball 2-1: Swinging Strike 2-2: Foul Ball, location: 2F 2-2: Ball 3-2: Ground out 4-3 (Groundball, 4D, EV 100.6 MPH)
|
|
Batting: RHB Min Tann
|
0-0: Swinging Strike 0-1: Swinging Strike 0-2: Fly out, F5 (Line Drive, 5, EV 66.9 MPH)
|
| Bottom of the 4th over - 0 runs, 0 hits, 0 errors, 0 left on base; Rice University 2 - Vanderbilt University 2 |
| TOP OF THE 5TH |
|
Rice University Owls batting - Pitching for Vanderbilt University Commodores : RHP Gabriel Marsh
|
|
Batting: RHB Caleb Mercer
|
0-0: Fly out, F9 (Flyball, 9S, EV 74.4 MPH)
|
|
Batting: RHB Javier Quinones
|
0-0: Called Strike 0-1: Foul Ball, location: 2F 0-2: Foul Ball, location: 2F 0-2: Ball 1-2: SOLO HOME RUN (Flyball, 78XD, EV 101.9 MPH), Distance : 397 ft
|
|
Batting: RHB Jose Soto
|
0-0: Ball 1-0: Ball 2-0: Foul Ball, location: 2F 2-1: Called Strike 2-2: Ball 3-2: Ground out 4-3 (Groundball, 4MD, EV 86.2 MPH)
|
|
Batting: SHB Ken Wilson
|
0-0: Called Strike 0-1: Swinging Strike 0-2: Foul Ball, location: 2F 0-2: Ball 1-2: Ball 2-2: SOLO HOME RUN (Flyball, 89XD, EV 94.4 MPH), Distance : 382 ft
|
|
Batting: RHB Neil Worth
|
0-0: Ball 1-0: Fly out, F7 (Flyball, 78S, EV 93.8 MPH)
|
| Top of the 5th over - 2 runs, 2 hits, 0 errors, 0 left on base; Rice University 4 - Vanderbilt University 2 |
| BOTTOM OF THE 5TH |
|
Vanderbilt University Commodores batting - Pitching for Rice University Owls : RHP Bill Lightheart
|
|
Batting: RHB Ruben Reyna
|
0-0: Called Strike 0-1: SINGLE (Line Drive, 5D, EV 104.4 MPH)
|
|
Pitching: RHP Nate Gulley
|
|
|
Batting: RHB Sam Kerwin
|
0-0: Called Strike 0-1: Called Strike 0-2: Reached on error, E9 (Flyball, 9D, EV 95.6 MPH) Ruben Reyna to third
|
|
Batting: RHB Brian Pflughoeft
|
0-0: Foul Ball, location: 2F 0-1: Foul Ball, location: 2F 0-2: Ground out U3 (Groundball, 34, EV 81.2 MPH) Ruben Reyna scores Sam Kerwin to third
|
|
Batting: RHB Jose Ramos
|
0-0: Called Strike 0-1: Ball 1-1: Foul Ball, location: 2F 1-2: DOUBLE (Line Drive, 9LM, EV 105.0 MPH) Sam Kerwin scores
|
|
Batting: RHB Edgar Fernandez
|
0-0: Foul Ball, location: 2F 0-1: Foul Ball, location: 2F 0-2: Ball 1-2: Foul Ball, location: 2F 1-2: Ball 2-2: Ground out 6-3 (Groundball, 56, EV 106.9 MPH)
|
|
Batting: RHB Takashi Takeuchi
|
0-0: Called Strike 0-1: Ball 1-1: DOUBLE (Flyball, 89XD, EV 95.0 MPH) Jose Ramos scores
|
|
Batting: LHB Tokito Ishizaki
|
0-0: Called Strike 0-1: Foul Ball, location: 2F 0-2: Strikes out looking
|
| Bottom of the 5th over - 3 runs, 3 hits, 1 error, 1 left on base; Rice University 4 - Vanderbilt University 5 |
| TOP OF THE 6TH |
|
Rice University Owls batting - Pitching for Vanderbilt University Commodores : RHP Gabriel Marsh
|
|
Pitching: LHP Ethan Roberson
|
|
|
Batting: LHB Chris Gonzales
|
0-0: Called Strike 0-1: Foul Ball, location: 2F 0-2: Ball 1-2: Foul Ball, location: 2F 1-2: Foul Ball, location: 2F 1-2: Fly out, F8 (Flyball, 78XD, EV 75.0 MPH)
|
|
Batting: RHB Allen Jarvis
|
0-0: Swinging Strike 0-1: Ball 1-1: Ball 2-1: Foul Ball, location: 2F 2-2: Foul Ball, location: 2F 2-2: Fly out, F3 (Popup, 3F, EV 55.6 MPH)
|
|
Batting: LHB Aldred Lieshout
|
0-0: Ball 1-0: Ball 2-0: Foul Ball, location: 2F 2-1: Ball 3-1: Base on Balls
|
|
Batting: RHB Emanuel Pulido
|
0-0: Ball 1-0: Swinging Strike 1-1: Ball 2-1: Ball 3-1: Ground out 4-3 (Groundball, 4, EV 83.1 MPH)
|
| Top of the 6th over - 0 runs, 0 hits, 0 errors, 1 left on base; Rice University 4 - Vanderbilt University 5 |
| BOTTOM OF THE 6TH |
|
Vanderbilt University Commodores batting - Pitching for Rice University Owls : RHP Nate Gulley
|
|
Pitching: RHP Michael Benford
|
|
|
Batting: SHB D.J. Davis
|
0-0: Ball 1-0: Called Strike 1-1: Ball 2-1: Ball 3-1: Called Strike 3-2: Ground out 1-3 (Groundball, 15, EV 62.5 MPH)
|
|
Batting: RHB Min Tann
|
0-0: Ball 1-0: Called Strike 1-1: Ball 2-1: Fly out, F8 (Flyball, 8RS, EV 85.6 MPH)
|
|
Batting: RHB Ruben Reyna
|
0-0: Called Strike 0-1: Foul Ball, location: 2F 0-2: Foul Ball, location: 2F 0-2: Fly out, F9 (Flyball, 9, EV 86.9 MPH)
|
| Bottom of the 6th over - 0 runs, 0 hits, 0 errors, 0 left on base; Rice University 4 - Vanderbilt University 5 |
| TOP OF THE 7TH |
|
Rice University Owls batting - Pitching for Vanderbilt University Commodores : LHP Ethan Roberson
|
|
Pitching: RHP Bill Mata
|
|
|
Batting: RHB Caleb Mercer
|
0-0: Foul Ball, location: 2F 0-1: Ball 1-1: Swinging Strike 1-2: Fly out, F3 (Line Drive, 3, EV 65.6 MPH)
|
|
Batting: RHB Javier Quinones
|
0-0: Ball 1-0: Swinging Strike 1-1: Called Strike 1-2: Strikes out looking
|
|
Batting: RHB Jose Soto
|
0-0: Ball 1-0: Ball 2-0: Ball 3-0: Base on Balls
|
|
Batting: SHB Ken Wilson
|
0-0: Called Strike 0-1: Ball 1-1: Foul Ball, location: 2F 1-2: Ball 2-2: Fly out, F9 (Flyball, 9LS, EV 85.0 MPH)
|
| Top of the 7th over - 0 runs, 0 hits, 0 errors, 1 left on base; Rice University 4 - Vanderbilt University 5 |
| BOTTOM OF THE 7TH |
|
Vanderbilt University Commodores batting - Pitching for Rice University Owls : RHP Michael Benford
|
|
Pitching: RHP Dejenie Mensah
|
|
|
Batting: RHB Sam Kerwin
|
0-0: Ball 1-0: Swinging Strike 1-1: Ground out 5-3 (Groundball, 56, EV 107.5 MPH)
|
|
Batting: RHB Brian Pflughoeft
|
0-0: Ball 1-0: Ball 2-0: Ball 3-0: Base on Balls
|
|
Batting: RHB Jose Ramos
|
0-0: Ball 1-0: Called Strike 1-1: DOUBLE (Line Drive, 89XD, EV 103.8 MPH) Brian Pflughoeft to third
|
|
Batting: RHB Edgar Fernandez
|
0-0: SINGLE (Flyball, 78S, EV 88.8 MPH) - OUT at second base trying to stretch hit. Brian Pflughoeft scores Jose Ramos scores
|
|
Batting: RHB Takashi Takeuchi
|
0-0: Foul Ball, location: 2F 0-1: Ball 1-1: Swinging Strike 1-2: Strikes out swinging
|
| Bottom of the 7th over - 2 runs, 2 hits, 0 errors, 0 left on base; Rice University 4 - Vanderbilt University 7 |
| TOP OF THE 8TH |
|
Rice University Owls batting - Pitching for Vanderbilt University Commodores : RHP Bill Mata
|
|
Pitching: LHP Norm Franklin
|
|
|
Now at 1B: Paul Johnson
|
|
|
Batting: RHB Neil Worth
|
0-0: Ball 1-0: Ball 2-0: Ball 3-0: Base on Balls
|
|
Batting: LHB Chris Gonzales
|
0-0: Called Strike 0-1: SINGLE (Groundball, 3S, EV 66.9 MPH) (infield hit) Neil Worth to second
|
|
Batting: RHB Allen Jarvis
|
0-0: Called Strike 0-1: Foul Ball, location: 2F 0-2: Fielders Choice at 2nd, 4-6 (Groundball, 4M, EV 101.9 MPH) Neil Worth to third
|
|
Batting: LHB Aldred Lieshout
|
0-0: Ball 1-0: Foul Ball, location: 2F 1-1: SINGLE (Line Drive, 78M, EV 88.1 MPH) Neil Worth scores Allen Jarvis to second
|
|
Batting: RHB Emanuel Pulido
|
0-0: Called Strike 0-1: Foul Ball, location: 2F 0-2: SINGLE (Line Drive, 3D, EV 94.4 MPH) Allen Jarvis to third Aldred Lieshout to second
|
|
Batting: RHB Caleb Mercer
|
0-0: TRIPLE (Flyball, 78XD, EV 111.2 MPH) Allen Jarvis scores Aldred Lieshout scores Emanuel Pulido scores
|
|
Pitching: LHP Kyle McGuire
|
|
|
Batting: RHB Javier Quinones
|
0-0: Swinging Strike 0-1: Foul Ball, location: 2F 0-2: Foul Ball, location: 2F 0-2: Ball 1-2: SINGLE (Groundball, 4M, EV 97.5 MPH) Caleb Mercer scores
|
|
Batting: RHB Jose Soto
|
0-0: Ball Wild Pitch! Javier Quinones to second 1-0: Ball 2-0: Swinging Strike 2-1: Ball 3-1: Called Strike 3-2: Strikes out looking
|
|
Batting: SHB Ken Wilson
|
0-0: Called Strike 0-1: Ball 1-1: Ball 2-1: Ball 3-1: Reached on error, E5 (Groundball, 56S, EV 83.8 MPH) Javier Quinones scores
|
|
Batting: RHB Neil Worth
|
0-0: Called Strike 0-1: SINGLE (Groundball, 56S, EV 65.6 MPH) (infield hit) Ken Wilson to third
|
|
Batting: LHB Chris Gonzales
|
0-0: Called Strike 0-1: Ball 1-1: Ball 2-1: Ball 3-1: Swinging Strike 3-2: Strikes out looking
|
| Top of the 8th over - 6 runs, 6 hits, 1 error, 2 left on base; Rice University 10 - Vanderbilt University 7 |
| BOTTOM OF THE 8TH |
|
Vanderbilt University Commodores batting - Pitching for Rice University Owls : RHP Dejenie Mensah
|
|
Pitching: LHP Shan Ping
|
|
|
Batting: LHB Tokito Ishizaki
|
0-0: Called Strike 0-1: Ball 1-1: Ground out 1-3 (Groundball, 13S, EV 67.5 MPH)
|
|
Pitching: LHP Mitchell Carter
|
|
|
Batting: SHB D.J. Davis
|
0-0: Called Strike 0-1: Foul Ball, location: 2F 0-2: Ground out 6-3 (Groundball, 6, EV 105.6 MPH)
|
|
Batting: RHB Min Tann
|
0-0: Ball 1-0: Ball 2-0: Ball 3-0: Called Strike 3-1: Swinging Strike 3-2: Foul Ball, location: 2F 3-2: Ground out 6-3 (Groundball, 6, EV 94.4 MPH)
|
| Bottom of the 8th over - 0 runs, 0 hits, 0 errors, 0 left on base; Rice University 10 - Vanderbilt University 7 |
| TOP OF THE 9TH |
|
Rice University Owls batting - Pitching for Vanderbilt University Commodores : LHP Kyle McGuire
|
|
Pitching: LHP Lothar Wendelin
|
|
|
Batting: RHB Allen Jarvis
|
0-0: Ball 1-0: Called Strike 1-1: Ball 2-1: SINGLE (Flyball, 8LS, EV 86.9 MPH)
|
|
Batting: LHB Aldred Lieshout
|
0-0: Swinging Strike 0-1: Ball 1-1: Ball 2-1: Foul Ball, location: 2F 2-2: Foul Ball, location: 2F 2-2: SINGLE (Groundball, 4D, EV 105.0 MPH) Allen Jarvis to second Runner from 2nd tries for 3rd, SAFE, throw by CF made to third
|
|
Batting: RHB Emanuel Pulido
|
0-0: Ball 1-0: Ball 2-0: Ball 3-0: Called Strike 3-1: SINGLE (Groundball, 4D, EV 103.8 MPH) Allen Jarvis scores Aldred Lieshout to second Runner from 2nd tries for 3rd, SAFE, no throw by CF
|
|
Batting: RHB Caleb Mercer
|
0-0: Ball 1-0: Called Strike 1-1: Ball 2-1: Called Strike 2-2: Ball 3-2: Reached on error, E5 (Groundball, 56, EV 85.6 MPH) Aldred Lieshout scores Emanuel Pulido to second
|
|
Batting: RHB Javier Quinones
|
0-0: Foul Ball, location: 2F 0-1: Foul Ball, location: 2F 0-2: Ball 1-2: Foul Ball, location: 2F 1-2: Ball 2-2: Foul Ball, location: 2F 2-2: Foul Ball, location: 2F 2-2: Strikes out swinging
|
|
Batting: RHB Jose Soto
|
0-0: Called Strike 0-1: Ball 1-1: Ball 2-1: Foul Ball, location: 2F 2-2: Foul Ball, location: 2F 2-2: Foul Ball, location: 2F 2-2: Ball 3-2: Base on Balls Emanuel Pulido to third Caleb Mercer to second
|
|
Pitching: RHP Jesus Ortega
|
|
|
Batting: SHB Ken Wilson
|
0-0: Ball 1-0: Foul Ball, location: 2F 1-1: Grounds into double play, 3-6-1 (Groundball, 34, EV 86.9 MPH)
|
| Top of the 9th over - 2 runs, 3 hits, 1 error, 2 left on base; Rice University 12 - Vanderbilt University 7 |
| BOTTOM OF THE 9TH |
|
Vanderbilt University Commodores batting - Pitching for Rice University Owls : LHP Mitchell Carter
|
|
Batting: RHB Ruben Reyna
|
0-0: Called Strike 0-1: Ball 1-1: Ball 2-1: SOLO HOME RUN (Flyball, 7D, EV 98.8 MPH), Distance : 385 ft
|
|
Batting: RHB Sam Kerwin
|
0-0: Called Strike 0-1: SINGLE (Flyball, 6D, EV 86.9 MPH)
|
|
Batting: RHB Brian Pflughoeft
|
0-0: Called Strike 0-1: Foul Ball, location: 2F 0-2: Foul Ball, location: 2F 0-2: SINGLE (Flyball, 5D, EV 90.6 MPH) Sam Kerwin to second
|
|
Batting: RHB Jose Ramos
|
0-0: Ball 1-0: Fly out, F4 (Popup, 4S, EV 76.9 MPH)
|
|
Batting: RHB Paul Johnson
|
0-0: Ball 1-0: Called Strike 1-1: Ball 2-1: Ball 3-1: Fly out, F4 (Popup, 4S, EV 77.5 MPH)
|
|
Batting: RHB Takashi Takeuchi
|
0-0: Ball 1-0: 3-RUN HOME RUN (Flyball, 9LD, EV 90.6 MPH), Distance : 326 ft
|
|
Pitching: RHP Manny Herrera
|
|
|
Now in LF: Brock Ti
|
|
|
Batting: LHB Tokito Ishizaki
|
0-0: Foul Ball, location: 2F 0-1: Ball 1-1: Foul Ball, location: 2F 1-2: Ball 2-2: SINGLE (Groundball, 25, EV 69.4 MPH) (infield hit)
|
|
Batting: SHB D.J. Davis
|
0-0: Ball 1-0: Ball 2-0: Ball 3-0: Base on Balls Tokito Ishizaki to second
|
|
Batting: RHB Min Tann
|
0-0: Ball 1-0: Called Strike 1-1: Ball 2-1: Fielders Choice at 2nd, 6-4 (Groundball, 6, EV 91.9 MPH)
|
| Bottom of the 9th over - 4 runs, 5 hits, 0 errors, 2 left on base; Rice University 12 - Vanderbilt University 11 |
|